 Dungeon Crawl Stone Soup version 0.14-a0-2374-ge879b5e (webtiles) character file.

229 Jenx the Cudgeler (level 4, -3/28 HPs)
             Began as a Gargoyle Berserker on Feb 1, 2014.
             Was a Priest of Trog.
             Killed by divine providence
             ... invoked by an orc priest
              (12 damage)
             ... on Level 3 of the Dungeon.
             The game lasted 00:07:05 (2033 turns).

Jenx the Cudgeler (Gargoyle Berserker)              Turns: 2033, Time: 00:07:06

HP  -3/28        AC  7     Str 20      XL: 4   Next: 98%
MP   4/4         EV 11     Int  8      God: Trog [***...]
Gold 115         SH  0     Dex 10      Spells:  0 memorised,  3 levels left

rFire  . . .     SeeInvis .     a - +0 mace
rCold  . . .     Clarity  .     x - +0 leather armour
rNeg   + . .     Conserve .     (no shield)
rPois  +         rCorr    .     j - +0 hat
rElec  +         rRot     +     (no cloak)
SustAb . .       Spirit   .     (no gloves)
rMut   .         Warding  .     v - +0 pair of boots
Saprov . . .     Stasis   .     (no amulet)
MR     .....                    (no ring)
                                (no ring)

@: not resistant to hostile enchantments, very unstealthy
A: life protection 1, electricity resistance, unbreathing, petrification
resistance, AC +3
a: Burn Spellbooks, Berserk, Trog's Hand, Renounce Religion


You were on level 3 of the Dungeon.
You worshipped Trog.
Trog was most pleased with you.
You were not hungry.

You visited 1 branch of the dungeon, and saw 3 of its levels.

You collected 115 gold pieces.

Inventory:

Hand weapons
 a - a +0,+0 mace (weapon)
 l - a +2,+1 hand axe of chopping
Missiles
 f - 4 darts of dispersal (quivered)
 t - 2 needles of sleeping
Armour
 j - a +0 hat (worn)
 v - a +0 pair of boots (worn)
 x - a +0 leather armour (worn)
Comestibles
 c - 3 bread rations
 h - a meat ration
 z - a rotting chunk of adder flesh
 B - a rotting chunk of bat flesh
 C - a rotting chunk of giant newt flesh
 E - a rotting chunk of goblin flesh
Scrolls
 d - a scroll of enchant weapon II {unknown}
 g - 3 scrolls of identify {unknown}
 i - a scroll of teleportation {unknown}
 o - a scroll of enchant armour {unknown}
 p - 2 scrolls of amnesia {unknown}
 y - 2 scrolls of remove curse {unknown}
 D - a scroll of blinking {unknown}
Jewellery
 n - a +3 ring of strength {unknown}
 q - an uncursed ring of poison resistance {unknown}
 r - an uncursed ring of invisibility {unknown}
 w - a cursed -3 ring of protection {unknown}
 A - an uncursed amulet of rage {unknown}
Potions
 b - a potion of beneficial mutation {unknown}
 e - a potion of speed {unknown}
 k - 2 potions of curing {unknown}
 m - a potion of restore abilities {unknown}
 s - a potion of paralysis {unknown}
 u - a potion of poison {unknown}


   Skills:
 - Level 3.2 Fighting
 * Level 6.0 Maces & Flails
 - Level 2.1 Armour
 - Level 1.5 Dodging


You had 3 spell levels left.
You didn't know any spells.

Dungeon Overview and Level Annotations

Branches:
Dungeon (3/16)

Altars:


Innate Abilities, Weirdness & Mutations

You are resistant to torment.
You are immune to poison.
Your stone body is very resilient (AC +3).
You resist negative energy.
You are resistant to electric shocks.
You can survive without breathing.
You are immune to petrification.


Message History

The orc is moderately wounded.
The orc completely misses you.
The orc hits you with an orcish short sword.
You sock the orc!
You kill the orc!
Trog accepts your kill.
Your skin stops crawling.
You feel less resistant to hostile enchantments.
The orc closely misses you.
You barely miss the orc priest.
The orc hits you with an orcish short sword.
The orc priest invokes the aid of Beogh against you.
Something smites you!
Ouch! That really hurt!
You hit the orc priest.
The orc priest is lightly wounded.
The orc barely misses you.
The orc priest mumbles some strange prayers to Beogh against you.
Something smites you!
You die...

######## #......#
#......# ..##......#
#.##......# # .
#.##......# ...
..####.##......###.....?
..............o@o.......
##
#......#......###......
#. #.....>#......# ...
#. #......#......###...
# #.
#.......<........... #.
#......#.##.#....... #.
#......#.##.#...... #.
#......#.##.#...... #.
###.######.##.#.###.# #.


You could see an orc priest and an orc.

Vanquished Creatures
  5 adders
  A worm (D:3)
  2 giant geckos (D:1)
  An orc (D:3)
  7 hobgoblins
  6 jackals
  8 kobolds
  An ooze (D:1)
  A quokka (D:2)
  8 bats
  A giant cockroach (D:2)
  4 giant newts
  7 goblins
  10 rats
62 creatures vanquished.

Notes
Turn   | Place    | Note
--------------------------------------------------------------
     0 | D:1      | Jenx, the Gargoyle Berserker, began the quest for the Orb.
     0 | D:1      | Reached XP level 1. HP: 14/14 MP: 1/1
   108 | D:1      | Reached XP level 2. HP: 13/19 MP: 2/2
   126 | D:1      | Reached skill level 4 in Maces & Flails
   161 | D:1      | Acquired Trog's second power
   284 | D:1      | Reached XP level 3. HP: 10/23 MP: 3/3
  1030 | D:2      | Reached skill level 5 in Maces & Flails
  1363 | D:2      | Reached XP level 4. HP: 24/28 MP: 4/4
  1984 | D:3      | Reached skill level 6 in Maces & Flails
  2033 | D:3      | Killed from afar by an orc priest

Action                   |  1- 3 |  4- 6 || total
-------------------------+-------+-------++-------
Melee: Mace              |   113 |    72 ||   185
Invok: Trog's Hand       |       |     1 ||     1
